 Dungeon Crawl Stone Soup version 0.28-a0-477-g0b43c73ce0 (webtiles) character file.

Game seed: 11579877340019956

13516 Dabor the Spear-Bearer (level 12, -6/94 HPs)
             Began as a Formicid Abyssal Knight on Sept 16, 2021.
             Was an Elder of Lugonu.
             Mangled by a death yak simulacrum (16 damage)
             ... in an ice cave on Sept 17, 2021.
             The game lasted 00:43:40 (10277 turns).

Dabor the Spear-Bearer (Formicid Abyssal Knight)   Turns: 10277, Time: 00:43:40

Health: -6/94      AC: 13    Str: 21    XL:     12   Next: 33%
Magic:  18/18      EV:  7    Int: 13    God:    Lugonu [****..]
Gold:   342        SH: 27    Dex: 10    Spells: 11/11 levels left

rFire   + . .      SeeInvis +   f - +5 halberd
rCold   . . .      Faith    .   B - +18 shield of the Gong {rElec rN+ Will+ EV-5}
rNeg    + . .      Spirit   .   y - +3 leather armour {rPois}
rPois   +          Reflect  .   (helmet unavailable)
rElec   +          Harm     .   d - +2 cloak {Will+}
rCorr   .          Rampage  .   (no gloves)
Will    +++..                   l - +2 pair of boots
Stlth   ++........              n - amulet of regeneration
HPRegen 1.25/turn               x - ring of protection from fire
MPRegen 0.16/turn               (no ring)

@: no status effects
A: permanent stasis, dig shafts and tunnels, antennae 3, four strong arms
a: Dig, Renounce Religion, Depart the Abyss, Bend Space, Banish, Corrupt


You were in an ice cave.
You worshipped Lugonu.
Lugonu was greatly pleased with you.
You visited 3 branches of the dungeon, and saw 12 of its levels.
You visited the Abyss 1 time.
You also visited: Ice Cave.

You collected 447 gold pieces.
You spent 105 gold pieces at shops.

Inventory:

Hand Weapons
 a - a +1 spear
 f - a +5 halberd (weapon)
 k - a +0 halberd
 z - a +2 battleaxe
Missiles
 b - 8 boomerangs (quivered)
 e - 5 silver boomerangs
 p - 3 throwing nets
 s - 41 poisoned darts
 D - a curare-tipped dart
Armour
 d - a +2 cloak of willpower (worn)
 l - a +2 pair of boots (worn)
 m - a +0 chain mail
 r - a +1 scale mail of poison resistance
 y - a +3 leather armour of poison resistance (worn)
 B - the +18 shield of the Gong (worn) {rElec rN+ Will+ EV-5}
   (You found it on level 7 of the Dungeon)

   It is deafeningly noisy when blocking attacks.
   EV:        It affects your evasion (-5).
   rElec:     It insulates you from electricity.
   rN:        It protects you from negative energy.
   Will:      It increases your willpower.
Jewellery
 n - an amulet of regeneration (around neck)
 x - a ring of protection from fire (left hand)
Wands
 t - a wand of acid (11)
 A - a wand of flame (26)
Scrolls
 i - 8 scrolls of teleportation
 u - 2 scrolls of amnesia
 v - 3 scrolls of enchant armour
Potions
 c - 2 potions of invisibility
 h - 2 potions of brilliance
 j - 3 potions of mutation
 w - 4 potions of degeneration
 C - a potion of attraction {unknown}
 E - 2 potions of magic {unknown}


   Skills:
 + Level 8.7 Fighting
 * Level 9.9 Polearms
 - Level 4.0 Throwing
 + Level 8.3 Armour
 - Level 5.3 Dodging
 - Level 4.0 Stealth
 + Level 5.8 Shields
 + Level 9.0 Invocations
 + Level 5.6 Evocations


You had 11 spell levels left.
You didn't know any spells.
Your spell library contained the following spells:

 Spells                   Type           Power      Damage    Failure   Level
 Foxfire                  Conj/Fire      0%         2x1d4     56%         1
 Summon Small Mammal      Summ           0%         N/A       56%         1
 Ensorcelled Hibernation  Hex/Ice        0%         N/A       71%         2
 Static Discharge         Conj/Air       0%         N/A       71%         2
 Call Canine Familiar     Summ           0%         N/A       90%         3
 Conjure Flame            Conj/Fire      0%         6-21      90%         3
 Gell's Gravitas          Tloc           0%         N/A       90%         3
 Inner Flame              Hex/Fire       0%         N/A       90%         3
 Spider Form              Tmut/Pois      0%         N/A       90%         3
 Summon Guardian Golem    Hex/Summ       0%         N/A       90%         3
 Teleport Other           Tloc           0%         N/A       90%         3
 Tukima's Dance           Hex            0%         N/A       90%         3
 Cause Fear               Hex            0%         N/A       100%        4
 Dispel Undead            Necr           0%         3d6       100%        4
 Flame Wave               Conj/Fire      0%         3d3       100%        4
 Sticky Flame             Conj/Fire      0%         2d3       100%        4
 Dispersal                Tloc           0%         N/A       100%        6
 Discord                  Hex            0%         N/A       100%        8


Dungeon Overview and Level Annotations

Branches:
Dungeon (9/15)             Temple (1/1) D:5            Lair (2/6) D:8
  IceCv (1/1)
  Swamp: Lair:2-4    Shoals: Lair:2-4     Snake: Lair:2-4    Spider: Lair:2-4
    Orc: D:9-12

Altars:
Ashenzari
Cheibriados
Dithmenos
Elyvilon
Fedhas
Gozag
Hepliaklqana
Kikubaaqudgha
Makhleb
Nemelex Xobeh
Okawaru
Qazlal
Ru
Sif Muna
Trog
Uskayaw
Wu Jian
Xom
Yredelemnul
Zin
The Shining One

Shops:
D:5 !   D:6 :

Annotations:
Abyss:1 Erolcha


Innate Abilities, Weirdness & Mutations

You cannot be hasted, slowed, berserked, paralysed or teleported.
You can dig through walls and to a lower floor.
You have a pair of large antennae on your head. (SInv)
Your four strong arms can wield two-handed weapons with a shield.


Message History

You block the death yak simulacrum's attack.
PANG!
You impale the troll simulacrum!!
The troll simulacrum vaporises!
Lugonu accepts your kill.
You block the elephant simulacrum's attack.
GONNNNG!
You block the elephant simulacrum's attack.
GONNNNG!
A naga simulacrum comes into view.
The death yak simulacrum gores you! The death yak simulacrum freezes you!!
You are too injured to fight recklessly!
You are too injured to fight recklessly!
You are too injured to fight recklessly!
You are confused.
You feel invigorated.
The elephant simulacrum tramples you but does no damage.
The elephant simulacrum barely misses you.
The death yak simulacrum gores you. The death yak simulacrum freezes you!!!
* * * LOW HITPOINT WARNING * * *
Press: ? - help, v - describe, . - travel The floor, spattered with blood.
You feel better.
You feel less invigorated.
You block the elephant simulacrum's attack.
BONNNG!
The elephant simulacrum trunk-slaps you but does no damage.
Okay, then.
Press: ? - help, v - describe, . - travel
Here: a death yak simulacrum An ice covered gate leading back out of this place.
Unknown command.
Press: ? - help, v - describe, . - travel
Here: an elephant simulacrum The floor.
Unknown command.
You hit the death yak simulacrum but do no damage.
The death yak simulacrum gores you!
* * * LOW HITPOINT WARNING * * *
The death yak simulacrum freezes you!
You die...

#####
##@..##
##°ZZ..##
#.......#
#...∩...#
##.....##
##...##
#Z..#
##...
#...#


You could see a death yak simulacrum, an elephant simulacrum and a naga
simulacrum.

Vanquished Creatures
  A wolf spider (Lair:1)
  3 black mambas (Lair:1)
  Joseph (Lair:1)
  Maurice (D:7)
  2 vault sentinels (D:7)
  Maggie (D:7)
  2 cane toads (Lair:1)
  A komodo dragon (Lair:1)
  2 ice devils (Lair:1)
  2 trolls (D:7)
  Grinder (D:3)
  8 blink frogs (Lair:1)
  Sigmund (D:2)
  13 yaks
  Duvessa (D:5)
  4 water moccasins
  A hornet zombie (D:6)
  2 ice beasts
  2 sky beasts
  2 necrophages
  4 ogres (D:5)
  A centaur (D:5)
  A phantom (D:6)
  3 kobold brigands
  5 bullfrogs
  4 scorpions
  A two-headed ogre simulacrum (IceCv)
  Dowan (D:5)
  A gnoll sergeant (D:4)
  A water moccasin zombie (D:6)
  4 elephant simulacra (IceCv)
  7 wights
  2 killer bees
  2 centaur zombies
  An orc priest (D:6)
  A hound (D:6)
  A jelly (D:5)
  A bullfrog skeleton (D:6)
  A centaur skeleton (D:7)
  Jessica (D:3)
  2 iguanas
  2 orc wizards
  A killer bee zombie (D:5)
  2 troll simulacra (IceCv)
  2 wolf simulacra (IceCv)
  A mummy (D:5)
  A howler monkey zombie (D:8)
  Robin (D:3)
  13 adders
  8 gnolls
  A shadow imp (D:8)
  A white imp (D:8)
  2 ufetubi
  3 worms
  2 dart slugs
  11 orcs
  13 endoplasms
  6 giant cockroaches
  13 goblins
  14 hobgoblins
  A jackal (D:3)
  19 kobolds
  5 quokkas
  4 ball pythons
  5 bats
  2 frilled lizards (D:3)
  A hobgoblin zombie (D:5)
  3 orc zombies (D:5)
  6 rats
239 creatures vanquished.

Vanquished Creatures (others)
  An orc wizard (D:7)
  A kobold (D:7)
  21 fungi (Lair:1)
  52 plants
75 creatures vanquished.

Grand Total: 314 creatures vanquished

Notes
Turn   | Place    | Note
-------+----------+-------------------------------------------
     0 | Abyss:1  | Dabor the Formicid Abyssal Knight began the quest for the
                  | Orb.
     0 | Abyss:1  | Reached XP level 1. HP: 18/18 MP: 2/2
    45 | Abyss:1  | Noticed an orange demon
    48 | D:1      | Escaped the Abyss
    67 | D:1      | Noticed a death yak
    88 | D:1      | Reached skill level 1 in Dodging
   393 | D:1      | Reached XP level 2. HP: 20/24 MP: 3/3
   482 | D:1      | Reached * piety under Lugonu
   561 | D:1      | Reached XP level 3. HP: 11/29 MP: 4/4
   780 | D:1      | Found a faded altar of an unknown god.
  1131 | D:1      | Noticed a black mamba
  1672 | D:2      | Reached XP level 4. HP: 37/37 MP: 6/6
  1882 | D:2      | Noticed Sigmund
  2092 | D:2      | Killed Sigmund
  2093 | D:2      | Reached XP level 5. HP: 30/42 MP: 7/7
  2093 | D:2      | Reached XP level 6. HP: 34/48 MP: 8/8
  2667 | D:3      | Noticed Grinder
  2698 | D:3      | Killed Grinder
  2699 | D:3      | Reached XP level 7. HP: 38/55 MP: 8/10
  2976 | D:3      | Reached ** piety under Lugonu
  3050 | D:3      | Found a large runed translucent door.
  3060 | D:3      | Noticed Jessica
  3067 | D:3      | Killed Jessica
  3070 | D:3      | Noticed Robin
  3086 | D:3      | Killed Robin
  3119 | D:3      | Found a large runed translucent door.
  3129 | D:3      | Found a snail-covered altar of Cheibriados.
  3149 | D:3      | Found a hazy altar of Hepliaklqana.
  3519 | D:4      | Reached skill level 5 in Fighting
  3910 | D:4      | Identified a scroll of acquirement
  3910 | D:4      | Acquired a +2 cloak of willpower
  3975 | D:4      | Reached XP level 8. HP: 59/62 MP: 11/11
  4340 | D:5      | Entered Level 5 of the Dungeon
  4411 | D:5      | Found Difuun's Distillery.
  4415 | D:5      | Bought a potion of curing for 45 gold pieces
  4415 | D:5      | Bought a potion of might for 60 gold pieces
  4497 | D:5      | Found a staircase to the Ecumenical Temple.
  4513 | Temple   | Entered the Ecumenical Temple
  4754 | D:5      | Noticed Dowan
  4755 | D:5      | Noticed Duvessa
  4865 | D:5      | Killed Duvessa
  4866 | D:5      | Reached skill level 1 in Shields
  4866 | D:5      | Reached skill level 5 in Invocations
  4870 | D:5      | Killed Dowan
  5049 | D:5      | Reached skill level 5 in Armour
  5119 | D:5      | Reached skill level 5 in Polearms
  5134 | D:5      | Reached skill level 1 in Stealth
  5196 | D:5      | Reached *** piety under Lugonu
  5197 | D:5      | Reached skill level 1 in Throwing
  5197 | D:5      | Reached XP level 9. HP: 45/69 MP: 13/13
  5342 | D:5      | You fall into a shaft and drop 1 floor!
  6032 | D:6      | Found Kaluti's Book Shoppe.
  6984 | D:7      | Reached skill level 1 in Evocations
  6984 | D:7      | Reached XP level 10. HP: 38/77 MP: 14/14
  7253 | D:6      | Reached skill level 5 in Dodging
  7528 | D:7      | Noticed a vault sentinel
  7528 | D:7      | Noticed a vault sentinel
  8257 | D:7      | Noticed Maggie
  8271 | D:8      | Noticed Maurice
  8275 | D:7      | Killed a vault sentinel
  8278 | D:7      | Killed a vault sentinel
  8296 | D:7      | Killed Maggie
  8377 | D:7      | Found the +18 shield of the Gong {rElec rN+ Will+ EV-5}
  8533 | D:7      | Found a stormy altar of Qazlal.
  8757 | D:7      | Reached XP level 11. HP: 53/84 MP: 16/16
  8948 | D:7      | Killed Maurice
  9208 | D:8      | Found a staircase to the Lair.
  9641 | D:9      | Noticed Erolcha
  9691 | D:8      | Banished Erolcha
  9764 | Lair:1   | Entered Level 1 of the Lair of Beasts
  9946 | Lair:1   | Reached **** piety under Lugonu
  9984 | Lair:1   | Noticed Joseph
 10004 | Lair:1   | Killed Joseph
 10005 | Lair:1   | Reached skill level 5 in Shields
 10146 | Lair:1   | Reached skill level 5 in Evocations
 10146 | Lair:1   | Reached XP level 12. HP: 74/93 MP: 18/18
 10223 | Lair:1   | Found a frozen archway.
 10232 | IceCv    | Entered an ice cave
 10277 | IceCv    | Mangled by a death yak simulacrum

Illustrated notes

Levels and vault maps discovered:
D:1:      sevenhm_arrival_forest_fort_small_2, layout_basic,
          ebering_ecumenical_altar_rust
D:2:      layout_loops_corners, kennysheep_nub, chequers_hall_statues_y,
          patterned_corridor, uniq_sigmund
D:3:      minmay_evil_eye, layout_basic, jmf_multi_god_temple2, uniq_robin,
          uniq_jessica, uniq_grinder
D:4:      layout_cave_pools, amethyst_killhole, lightli_minifort
D:5:      minmay_opposing_rooms, layout_basic, minmay_temple_entry_purple_smoke,
          serial_shops, nicolae_shop_crystal, minmay_mini_ossuary, uniq_duvessa
D:6:      cheibrodos_thug_alley, layout_basic, serial_shops,
          nicolae_stop_n_shop_1
D:7:      layout_cave_pools, mainiacjoe_overflow_alcove_2,
          chequers_serial_rivers_micro_a, hellmonk_guarded_unrand_gong,
          uniq_maggie
D:8:      layout_basic, lair_entry_dummy, serial_glass, glass_columns_b,
          glass_columns_c, serial_bayou_pond_a, dk_vineyard_2,
          supply_closet_lemuel, kennysheep_generic_room_6, uniq_maurice
D:9:      layout_rooms, mainiacjoe_overflow_concentric_impassable,
          nicolae_shop_gadgets, uniq_erolcha, uniq_grum, uniq_prince_ribbit1
Temple:   eino_narrow_crystal_temple
Lair:1:   minmay_lair_venomous_thicket, layout_layer_cave,
          portal_ice_cave_demonic_guard, beast_lair_carwin_11,
          grunt_megastairs_2, uniq_joseph
Lair:2:   layout_misc_corridors, spider_nest_entry_web_field, enter_volcano_1,
          serial_bayou_shore_b, grunt_megastairs_4
IceCv:    ice_cave_small_necro

Skill      XL: |  1  2  3  4  5  6  7  8  9 10 11 12 |
---------------+-------------------------------------+-----
Dodging        | 1 2 3 4 5 |  5.3
Fighting       | 4 5 6 7 8 |  8.7
Polearms       | 3 4 5 6 7 9 |  9.9
Armour         | 3 4 5 6 8 |  8.3
Invocations    | 3 4 5 6 7 8 9 |  9.0
Shields        | 2 3 5 |  5.8
Stealth        | 1 4 |  4.0
Throwing       | 1 3 4 |  4.0
Evocations     | 1 3 5 |  5.6

Action                   |  1- 3 |  4- 6 |  7- 9 | 10-12 || total
-------------------------+-------+-------+-------+-------++-------
Melee: Spear             |   132 |    84 |   653 |    69 ||   938
       Battleaxe         |       |       |    90 |       ||    90
       Halberd           |       |       |       |   426 ||   426
Throw: Boomerang         |       |    11 |     4 |     2 ||    17
       Throwing net      |       |     3 |       |       ||     3
       Dart              |       |       |    19 |    24 ||    43
Invok: Depart the Abyss  |     1 |       |       |       ||     1
       Bend Space        |       |       |     4 |       ||     4
       Banish            |       |       |       |     3 ||     3
 Abil: Dig               |       |     1 |     2 |     3 ||     6
Evoke: Wand              |       |       |     1 |     3 ||     4
  Use: Scroll            |       |       |    16 |     3 ||    19
       Potion            |       |       |     4 |     6 ||    10
 Stab: Held in net/web   |       |     1 |       |       ||     1
Armor: Leather armour    |    18 |       |       |    45 ||    63
       Ring mail         |    18 |       |       |       ||    18
       Chain mail        |     9 |    14 |   412 |   172 ||   607
       Skin              |       |       |    17 |       ||    17
       Scale mail        |       |       |       |     5 ||     5
Dodge: Dodged            |    56 |    14 |   338 |   101 ||   509
Block: Buckler           |       |       |   101 |    35 ||   136
       Kite shield       |       |       |       |   463 ||   463

Table legend: (Time is in decaauts)
 A = Elapsed time spent in this place.
 B = Non-inter-level travel time spent in this place.
 C = Inter-level travel time spent in this place.
 D = Time resting spent in this place.
 E = Time spent auto-exploring this place.
 F = Levels seen in this place.
 G = Mean time per level.
                   A        B        C        D        E       F      G
               +--------+--------+--------+--------+--------+-----+--------+
         Total |  10325 |   9831 |    494 |   1417 |   4484 |  14 |  737.5 |
       Dungeon |   9489 |   9005 |    484 |   1391 |   4286 |   9 | 1054.3 |
        Temple |    230 |    220 |     10 |     23 |    165 |   1 |  230.0 |
          Lair |    510 |    510 |      0 |      3 |      0 |   2 |  255.0 |
         Abyss |     48 |     48 |      0 |      0 |     33 |   1 |   48.0 |
      Ice Cave |     47 |     47 |      0 |      0 |      0 |   1 |   47.0 |
               +--------+--------+--------+--------+--------+-----+--------+

Top non-repeatable levels by time:
     D:7: 1694 daAuts
     D:5: 1472 daAuts
     D:1: 1388 daAuts
     D:6: 1249 daAuts
     D:2: 1193 daAuts
     D:3: 869 daAuts
     D:4: 825 daAuts
     D:8: 792 daAuts
  Lair:1: 507 daAuts
  Temple: 230 daAuts
 Abyss:1: 48 daAuts
   IceCv: 47 daAuts
     D:9: 3 daAuts
  Lair:2: 2 daAuts
